 Dungeon Crawl Stone Soup version 0.29.1-13-g9f3cf754e1 (webtiles) character file.

Game seed: 5632910080147579245

364918 MacCMillion the Spry (level 20, -5/180 HPs)
             Began as a Demigod Gladiator on Jan 26, 2023.
             Killed from afar by an air elemental (6 damage)
             ... with a stunning burst
             ... summoned by Sojobo
             ... while paralysed by an air elemental
             ... on level 2 of the Depths on Feb 1, 2023.
             The game lasted 03:16:24 (69130 turns).

MacCMillion the Spry (Demigod Gladiator)           Turns: 69130, Time: 03:16:24

Health: -5/180     AC: 13    Str: 12    XL:     20   Next: 68%
Magic:  33/33      EV:  2    Int: 14    God:
Gold:   3451       SH:  0    Dex: 53    Spells: 23/30 levels left

rFire   + . .      SeeInvis .   s - +6 scimitar (flame)
rCold   + . .      Faith    .   f - +0 kite shield
rNeg    . . .      Spirit   .   K - +0 steam dragon scales
rPois   .          Reflect  .   c - +0 hat "Fafouzoa" {Dex+4}
rElec   +          Harm     .   n - +2 cloak {Will+}
rCorr   .          Rampage  .   W - +1 pair of gloves of the Robin {rElec Str-3 Dex+6}
Will    +++..                   b - +2 pair of boots of the Game Afoot {Slay+6}
Stlth   +++++++++.              p - amulet of Ismib {Acrobat Drain rF+ Int+4 Dex+4}
HPRegen 0.40/turn               y - ring of protection from cold
MPRegen 0.23/turn               U - ring of Shadows {Umbra +Inv Stlth+}

@: paralysed, mighty, wreathed by umbra
A: high MP 1, forlorn, divine attributes
}: 2/15 runes: decaying, serpentine
a: Evoke Invisibility


You were on level 2 of the Depths.
You visited 8 branches of the dungeon, and saw 39 of its levels.
You visited the Abyss 1 time.
You also visited: Sewer, Ossuary, Bailey and Ice Cave.

You collected 4555 gold pieces.
You spent 1104 gold pieces at shops.

Inventory:

Hand Weapons
 s - a +6 scimitar of flaming (weapon)
Missiles
 d - a throwing net
 e - 7 javelins
 g - 11 curare-tipped darts
 H - 41 poisoned darts (quivered)
 R - 7 atropa-tipped darts
Armour
 a - a +2 robe of willpower
 b - the +2 pair of boots of the Game Afoot (worn) {Slay+6}
   (You bought it in a shop on level 10 of the Dungeon)

   Slay:      It affects your accuracy & damage with ranged weapons and melee
   (+6).
 c - the +0 hat "Fafouzoa" (worn) {Dex+4}
   (You found it on level 9 of the Dungeon)

   Dex:       It affects your dexterity (+4).
 f - a +0 kite shield (worn)
 n - a +2 cloak of willpower (worn)
 K - +0 steam dragon scales (worn)
 W - the +1 pair of gloves of the Robin (worn) {rElec Str-3 Dex+6}
   (You found it on level 8 of the Dungeon)

   Str:       It affects your strength (-3).
   Dex:       It affects your dexterity (+6).
   rElec:     It insulates you from electricity.
Jewellery
 p - the amulet of Ismib (around neck) {Acrobat Drain rF+ Int+4 Dex+4}
   (You took it off a deep elf sorcerer on level 3 of the Elven Halls)

   [amulet of the acrobat]

   It increases your evasion while moving and waiting.
   Int:       It affects your intelligence (+4).
   Dex:       It affects your dexterity (+4).
   rF:        It protects you from fire.
   Drain:     It drains your maximum health when unequipped.
 q - the ring of Happiness {+Blink rElec rF+ rN+ MP+9}
   (You took it off a naga warrior on level 4 of the Snake Pit)

   [ring of magical power]

   rF:        It protects you from fire.
   rElec:     It insulates you from electricity.
   rN:        It protects you from negative energy.
   MP:        It affects your magic capacity (+9).
   +Blink:    It lets you blink.
 y - a ring of protection from cold (left hand)
 P - a ring of willpower
 T - the ring of Zovvoc {rPois rCorr Str+2 Int-3}
   (You took it off an orc warrior on level 7 of the Dungeon)

   [ring of poison resistance]

   Str:       It affects your strength (+2).
   Int:       It affects your intelligence (-3).
   rPois:     It protects you from poison.
   rCorr:     It protects you from acid and corrosion.
 U - the ring of Shadows (right hand) {Umbra +Inv Stlth+}
   (You took it off a centaur warrior on level 8 of the Dungeon)

   [ring of stealth]

   It surrounds you with an aura of shadow, increasing your stealth and reducing
   the accuracy of all others within it.
   +Inv:      It lets you turn invisible.
   Stlth:     It makes you more stealthy.
Wands
 i - a wand of quicksilver (20)
 k - a wand of roots (21)
 w - a wand of paralysis (20)
 z - a wand of digging (18)
 S - a wand of mindburst (11)
Scrolls
 h - 8 scrolls of fear
 j - 6 scrolls of enchant weapon
 t - 8 scrolls of blinking
 u - 7 scrolls of teleportation
 x - 3 scrolls of butterflies
 A - 6 scrolls of poison
 B - 13 scrolls of immolation
 J - 3 scrolls of summoning
 M - 4 scrolls of brand weapon
 V - 8 scrolls of silence
 X - 8 scrolls of magic mapping
 Z - 7 scrolls of enchant armour
Potions
 l - 10 potions of lignification
 m - 6 potions of heal wounds
 r - 5 potions of haste
 v - a potion of flight
 C - 7 potions of attraction
 D - 4 potions of ambrosia
 E - 10 potions of curing
 F - 8 potions of mutation
 G - 5 potions of cancellation
 I - 6 potions of might
 N - 3 potions of invisibility
 O - a potion of resistance
 Q - 4 potions of berserk rage
Miscellaneous
 o - a lightning rod (4/4)
 L - a condenser vane
 Y - a tin of tremorstones (2/2)


   Skills:
 + Level 15.9 Fighting
 - Level 7.0(11.0) Short Blades
 - Level 13.3(14.0) Long Blades
 - Level 10.0 Throwing
 + Level 18.6 Dodging
 - Level 4.4 Stealth
 - Level 17.0 Shields
 + Level 5.6 Spellcasting
 - Level 12.0 Translocations
 - Level 7.2 Evocations


You had 23 spell levels left.
You knew the following spells:

 Your Spells              Type           Power      Damage    Failure   Level
a - Blink                 Tloc           74%        N/A       1%          2
b - Manifold Assault      Tloc           37%        N/A       5%          5

Your spell library contained the following spells:

 Spells                   Type           Power      Damage    Failure   Level
 Apportation              Tloc           74%        N/A       1%          1
 Portal Projectile        Hex/Tloc       40%        N/A       7%          3
 Iskenderun's Mystic Bla  Conj/Tloc      20%        2d6       22%         4
 Freeze                   Ice            12%        1d4       26%         1
 Magic Dart               Conj           12%        1d3       26%         1
 Slow                     Hex            12%        N/A       26%         1
 Ensorcelled Hibernation  Hex/Ice        6%         N/A       38%         2
 Passwall                 Tmut/Erth      2%         N/A       38%         2
 Searing Ray              Conj           6%         2d4       38%         2
 Confusing Touch          Hex            3%         N/A       63%         3
 Conjure Flame            Conj/Fire      3%         6-21      63%         3
 Dazzling Flash           Conj/Hex       6%         N/A       63%         3
 Frozen Ramparts          Ice            6%         1d1       63%         3
 Ignite Poison            Fire/Tmut/Pois 3%         N/A       63%         3
 Inner Flame              Hex/Fire       3%         N/A       63%         3
 Spider Form              Tmut/Pois      3%         N/A       63%         3
 Summon Guardian Golem    Hex/Summ       3%         N/A       63%         3
 Swiftness                Air            3%         N/A       63%         3
 Vampiric Draining        Necr           3%         2d6       63%         3
 Anguish                  Hex/Necr       1%         N/A       95%         4
 Fulminant Prism          Conj/Hex       1%         3d6       95%         4
 Hailstorm                Conj/Ice       3%         3d3       95%         4
 Leda's Liquefaction      Hex/Erth       1%         N/A       95%         4
 Petrify                  Tmut/Erth      3%         N/A       95%         4
 Sticky Flame             Conj/Fire      3%         2d3       95%         4
 Summon Ice Beast         Ice/Summ       3%         N/A       95%         4
 Lee's Rapid Deconstruct  Erth           1%         3d5*      100%        5
 Metabolic Englaciation   Hex/Ice        1%         N/A       100%        5
 Summon Mana Viper        Hex/Summ       3%         N/A       100%        5
 Starburst                Conj/Fire      1%         6d3       100%        6
 Statue Form              Tmut/Erth      2%         N/A       100%        6
 Monstrous Menagerie      Summ           1%         N/A       100%        7
 Storm Form               Tmut/Air       1%         N/A       100%        7
 Chain Lightning          Conj/Air       1%         3d2       100%        9
 Fire Storm               Conj/Fire      1%         8d1       100%        9
 Shatter                  Erth           1%         3d6*      100%        9


Dungeon Overview and Level Annotations

Branches:
Dungeon (15/15)            Temple (0/1) D:5            Lair (5/5) D:11
  Swamp (4/4) Lair:2        Snake (4/4) Lair:2        Slime (0/5) Lair:4
    Orc (2/2) D:10            Elf (3/3) Orc:2        Vaults (4/5) D:13
  Crypt (0/3) Vaults:3     Depths (2/4) D:15          Sewer (visited)
Ossuary (visited)          Bailey (visited)           IceCv (visited)

Shops:
D:3 *   D:4 =   D:9 *   D:10 [   Orc:2 *[:(*   Elf:1 =:=   Elf:3 =   Snake:3 [
Vaults:2 (   Vaults:4 *   Depths:1 :

Portals:
Hell: Depths:1
Abyss: Lair:5
Pandemonium: Depths:2
Ziggurat: Depths:2
Trove: Vaults:4 (give horn of Geryon)

Annotations:
D:6 2 transporters, EarthwalkerPL's ghost, novice FoFi
Lair:1 2 runed translucent doors, MacCMillion's ghost, journeyman MfIE
Swamp:1 Roxanne
Snake:2 1 runed translucent door, Dittersdorf's ghost, adept MiBe
Elf:2 3 runed translucent doors
Depths:2 Sojobo


Innate Abilities, Weirdness & Mutations

You have an increased reservoir of magic. (+10% MP)
You shall have no god before yourself.
Your divine heritage dramatically boosts your attributes as you level up.


Message History

Sojobo is severely wounded.
The air elemental fires a burst of electricity at you.
The stunning burst misses you.
Sojobo conjures a fierce blast of wind!
You are blown backwards!
The tengu conjurer is blown away by the wind.
The air elemental completely misses you.
You block the air elemental's attack. Sojobo completely misses you.
Sojobo misses you. You block Sojobo's attack.
The tengu reaver completely misses you.
The tengu reaver pecks you but does no damage.
The tengu reaver completely misses you. The stone giant completely misses you.
You miss Sojobo.
Sojobo is severely wounded.
You block the air elemental's attack.
The air elemental fires a burst of electricity at you.
The stunning burst hits you but does no damage.
You suddenly lose the ability to move!
The stunning burst misses the air elemental.
The air elemental hits you but does no damage.
The air elemental fires a burst of electricity at you.
The stunning burst hits you! You resist.
The stunning burst hits the air elemental.
The air elemental completely resists.
Sojobo hits you with a +1 triple sword of electrocution!!
* * * LOW HITPOINT WARNING * * *
Sojobo pecks you.
* * * LOW HITPOINT WARNING * * *
Sojobo claws you but does no damage.
The tengu reaver hits you with a +0 long sword!
* * * LOW HITPOINT WARNING * * *
The tengu reaver pecks you!
* * * LOW HITPOINT WARNING * * *
The tengu reaver claws you but does no damage.
The air elemental hits you but does no damage.
The air elemental hits you!
* * * LOW HITPOINT WARNING * * *
The air elemental fires a burst of electricity at you.
The stunning burst hits you. You resist.
You die...

##.. ### #..# . #.# ####
##..##. ##.###..###....#.
#####...##.~.##......
##.#......)~~..#C....∩
###......###.~....##....
#......EQ#......(.##....
#..Q...@C.)......###....
#.....QEQ.........Q.....
.....∩...................
.........!...........#...
.....................#...
##..........##...........
#..........####>.........
...........# #.........#
..........


You could see Sojobo (repels missiles), a stone giant, 2 tengu reavers, 2 air
elementals and a tengu conjurer.

Vanquished Creatures
  Boris (Vaults:4)
  Bai Suzhen (Depths:2)
  Saint Roka (Vaults:4)
  the Enchantress (D:15)
  Jorgrun (Elf:1)
  A tentacled monstrosity (Lair:2)
  A deep elf blademaster (Elf:3)
  3 deep elf master archers (Elf:3)
  A tentacled starspawn (Abyss:2)
  4 sphinxes
  A thorn hunter (Swamp:2)
  A revenant (Vaults:3)
  2 tengu reavers
  A fenstrider witch (Swamp:2)
  13 nagarajas
  A fire giant (Depths:1)
  2 frost giants (Depths:1)
  Aizul (Depths:1)
  5 deep elf sorcerers
  18 vault wardens
  4 deep elf elementalists (Elf:3)
  3 spriggan defenders (Depths:1)
  10 ironbound preservers
  23 very ugly things
  2 war gargoyles (Vaults:4)
  A stone giant (Orc:2)
  3 ironbound thunderhulks
  9 deep elf demonologists
  An eleionoma (Swamp:4)
  Azrael (D:15)
  2 entropy weavers
  8 dire elephants
  Nessos (Lair:5)
  5 deep elf annihilators (Elf:3)
  3 spark wasps (Depths:1)
  2 bunyips
  Snorg (D:14)
  8 ettins
  2 fire dragons (Depths:1)
  5 deep elf death magi (Elf:3)
  9 great orbs of eyes
  2 boulder beetles
  A shambling mangrove (Swamp:1)
  8 yaktaur captains
  6 deep elf high priests (Elf:3)
  2 rakshasas
  A spriggan air mage (D:15)
  17 hydras
  An ice dragon (Depths:1)
  A ghost crab (Swamp:3)
  4 salamander tyrants
  A peacekeeper (Vaults:4)
  2 catoblepae
  10 vault guards
  21 naga warriors
  16 centaur warriors
  18 alligators
  6 ironbound frosthearts
  A two-headed ogre (D:14)
  8 anacondas
  The ghost of Peloso the Carver, a novice MiFi of Okawaru (D:9)
  3 spriggan berserkers (Depths:1)
  A deep troll earth mage (Depths:1)
  4 hell hogs (Abyss:2)
  3 death yaks (Lair:2)
  5 tengu warriors
  2 death knights
  3 thrashing horrors (Lair:5)
  8 dancing weapons
  3 vampire magi
  8 shock serpents
  8 deep elf knights
  12 naga sharpshooters
  Nergalle (Lair:1)
  Sonja (Lair:5)
  A salamander mystic (Snake:3)
  A wretched star (Abyss:2)
  An iron troll (Depths:1)
  5 skeletal warriors
  3 goliath frogs
  5 spriggan druids
  33 deep trolls
  Pikel (D:7)
  10 naga ritualists
  3 bog bodies
  8 wizards
  8 deep elf archers
  2 glowing orange brains
  11 swamp dragons
  13 ironbound convokers
  13 lindwurms
  5 harpies (Vaults:1)
  2 necromancers
  20 deep elf pyromancers
  3 manticores
  2 oklob plants (D:11)
  32 deep elf zephyrmancers
  13 mana vipers
  9 cyclopes
  33 ugly things
  7 salamanders
  3 orc sorcerers (Orc:1)
  5 will-o-the-wisps
  A sphinx skeleton (Vaults:2)
  11 vault sentinels
  A moth of wrath (Swamp:3)
  22 elephants
  10 naga magi
  A smoke demon (Abyss:2)
  9 guardian serpents
  34 black mambas
  2 gargoyles
  2 unseen horrors
  A torpor snail (Swamp:3)
  5 cane toads
  A kobold demonologist (D:11)
  2 rime drakes (D:11)
  2 freezing wraiths (D:14)
  6 komodo dragons
  33 yaktaurs
  An ice devil (IceCv)
  3 tengu conjurers
  2 anaconda simulacra (IceCv)
  2 ancient zymes
  4 meliai
  A queen bee (D:11)
  5 trolls
  9 tyrant leeches
  A polar bear (Lair:5)
  A yaktaur skeleton (Vaults:2)
  10 hornets
  18 blink frogs
  23 slime creatures
  4 large abominations
  2 dire elephant simulacra (IceCv)
  A vampire (D:11)
  2 air elementals
  3 wyverns
  9 spriggans
  2 water elementals
  2 wraiths
  A shadow (Abyss:2)
  3 ynoxinuls (Lair:5)
  3 chaos spawn (Lair:5)
  9 fire elementals
  9 humans (D:13)
  18 vampire mosquitoes
  63 yaks
  2 death yak simulacra (IceCv)
  A redback (Vaults:3)
  8 basilisks
  5 steam dragons
  8 wargs
  A harpy simulacrum (IceCv)
  17 swamp worms
  Menkaure (D:7)
  16 water moccasins
  An acid dragon (D:8)
  31 nagas
  A hydra simulacrum (IceCv)
  Duvessa (D:4)
  A hell hound (D:15)
  A human skeleton (Vaults:2)
  20 orc warriors
  An ice beast (D:7)
  5 sky beasts
  6 swamp drakes
  A black bear (Lair:2)
  5 starcursed masses (Abyss:2)
  5 ogres
  14 wolves (Lair:2)
  2 boggarts (Vaults:2)
  18 centaurs
  2 phantoms
  8 kobold brigands
  12 small abominations
  16 bullfrogs
  3 necrophages
  A glowing shapeshifter simulacrum (Vaults:2)
  A gnoll sergeant (D:9)
  A two-headed ogre simulacrum (IceCv)
  An earth elemental (Elf:3)
  2 scorpions
  A cane toad simulacrum (IceCv)
  7 wights
  Dowan (D:4)
  27 killer bees
  3 elephant simulacra (IceCv)
  2 electric eels (Snake:1)
  3 centaur zombies (Ossuary)
  A quasit (Abyss:2)
  A bullfrog zombie (Ossuary)
  6 jellies
  5 hounds
  A gnoll bouda (D:8)
  An iron imp (Abyss:2)
  13 orc priests
  A scorpion zombie (Ossuary)
  Jessica (D:3)
  9 iguanas
  Ijyb (D:3)
  Natasha (thrice) (D:2)
  26 orc wizards
  3 polar bear simulacra (IceCv)
  2 troll simulacra (IceCv)
  A spriggan simulacrum (IceCv)
  A wolf simulacrum (IceCv)
  An ogre zombie (Ossuary)
  Robin (D:2)
  29 gnolls
  19 adders
  2 river rats (Sewer)
  A shadow imp (D:8)
  8 white imps
  3 adder zombies (Ossuary)
  7 worms
  85 orcs
  9 endoplasms
  5 giant cockroaches
  4 gnoll zombies (Ossuary)
  15 goblins
  20 hobgoblins
  2 jackals (D:2)
  22 kobolds
  4 quokkas
  9 ball pythons
  4 bats
  3 frilled lizards (D:1)
  3 goblin zombies (Ossuary)
  4 hobgoblin zombies (Ossuary)
  2 orc zombies (Ossuary)
  5 rats
  A spectral orc (D:5)
  A lurking horror (Abyss:2)
1566 creatures vanquished.

Vanquished Creatures (others)
  A bog body (Swamp:1)
  6 bloated husks
  An air elemental (Elf:3)
  A swamp drake (Swamp:3)
  A boggart (Vaults:2)
  A centaur (D:12)
  An ufetubus (D:7)
  An orc (D:6)
  32 foxfires
  54 fungi
  51 plants
  8 starspawn tentacles (Abyss:2)
158 creatures vanquished.

Grand Total: 1724 creatures vanquished

Notes
Turn   | Place    | Note
-------+----------+-------------------------------------------
     0 | D:1      | MacCMillion the Demigod Gladiator began the quest for the
                  | Orb.
     0 | D:1      | Reached XP level 1. HP: 17/17 MP: 3/3
   319 | D:1      | Reached XP level 2. HP: 20/24 MP: 4/4
   668 | D:1      | Reached skill level 3 in Dodging
  1222 | D:1      | Reached XP level 3. HP: 29/29 MP: 5/5
  2223 | D:2      | Noticed Robin
  2248 | D:2      | Killed Robin
  2342 | D:1      | Reached XP level 4. HP: 28/36 MP: 6/6
  2833 | D:2      | Noticed Natasha
  2840 | D:2      | Killed Natasha
  3326 | D:2      | Noticed Natasha
  4128 | D:2      | Killed Natasha
  4129 | D:2      | Reached XP level 5. HP: 40/41 MP: 7/7
  4169 | D:2      | Noticed Natasha
  4181 | D:2      | Killed Natasha
  4807 | D:3      | Identified the +3 long sword of Mar Vygu {flame, Str+5}
  4895 | D:3      | Reached skill level 5 in Long Blades
  4961 | D:3      | Found Olicrezu's Assorted Antiques.
  5201 | D:3      | Noticed Ijyb
  5208 | D:3      | Killed Ijyb
  5209 | D:3      | Reached skill level 4 in Dodging
  5509 | D:3      | Identified the +11 dagger "Wifocsuw" {venom, rN++ Dex-5}
  5651 | D:3      | Noticed Jessica
  5660 | D:3      | Killed Jessica
  5759 | D:4      | Noticed a water moccasin
  5870 | D:4      | Killed a water moccasin
  5871 | D:4      | Reached XP level 6. HP: 44/48 MP: 8/8
  5915 | D:4      | Found Fotyc's Jewellery Emporium.
  6087 | D:4      | Reached skill level 1 in Short Blades
  6349 | D:4      | Noticed Duvessa
  6349 | D:4      | Noticed Dowan
  6468 | D:4      | Reached XP level 7. HP: 56/56 MP: 9/9
  6638 | D:4      | Killed Duvessa
  6639 | D:4      | Reached skill level 5 in Dodging
  6643 | D:4      | Killed Dowan
  7057 | D:5      | Entered Level 5 of the Dungeon
  7519 | D:5      | Found a sand-covered staircase.
  7526 | Ossuary  | Entered an ossuary
  7695 | Ossuary  | Reached XP level 8. HP: 63/67 MP: 10/10
  7959 | Ossuary  | Reached skill level 5 in Fighting
  8014 | Ossuary  | Noticed a silent spectre
  8106 | D:5      | Found a staircase to the Ecumenical Temple.
  8129 | D:5      | Reached skill level 1 in Stealth
  8153 | D:5      | Reached skill level 5 in Short Blades
  9024 | D:6      | Found a transporter.
  9024 | D:6      | Noticed EarthwalkerPL's ghost (novice FoFi)
  9537 | D:6      | Found a glowing drain.
  9550 | Sewer    | Entered a sewer
 10912 | D:6      | Reached XP level 9. HP: 74/74 MP: 11/11
 11483 | D:6      | Found a transporter.
 11707 | D:6      | Reached skill level 6 in Dodging
 12430 | D:7      | Found a flagged portal.
 12479 | Bailey   | Entered a bailey
 12793 | Bailey   | Reached skill level 7 in Dodging
 13247 | D:7      | Noticed Pikel
 13474 | D:7      | Noticed Menkaure
 13479 | D:7      | Killed Menkaure
 13480 | D:7      | Reached XP level 10. HP: 83/86 MP: 13/13
 14316 | D:7      | Killed Pikel
 14629 | D:8      | Noticed a cyan ugly thing
 14761 | D:8      | Reached skill level 8 in Dodging
 14767 | D:8      | Noticed a centaur warrior
 14772 | D:8      | Noticed a cyclops
 14777 | D:8      | Killed a centaur warrior
 14865 | D:8      | Killed a cyclops
 15428 | D:7      | Reached skill level 9 in Dodging
 15593 | D:8      | Identified the ring of Zovvoc {rPois rCorr Str+2 Int-3}
 16391 | D:8      | Noticed a centaur warrior
 16405 | D:8      | Killed a centaur warrior
 16406 | D:8      | Reached XP level 11. HP: 64/97 MP: 14/14
 16790 | D:8      | Identified the +1 pair of gloves of the Robin {rElec Str-3
                  | Dex+6}
 16817 | D:8      | Reached skill level 10 in Dodging
 18316 | D:9      | Found a runed translucent gate.
 18317 | D:9      | Found a runed translucent gate.
 18317 | D:9      | Found a runed translucent gate.
 18318 | D:9      | Noticed Peloso's ghost (novice MiFi)
 18412 | D:9      | Found Gucor's Elemental Accessories.
 19240 | D:10     | Entered Level 10 of the Dungeon
 19286 | D:10     | Found a staircase to the Orcish Mines.
 19338 | D:10     | Found Puij Lahela's Armour Boutique.
 19981 | D:10     | Reached skill level 10 in Fighting
 20053 | D:10     | Bought the +2 pair of boots of the Game Afoot {Slay+6} for
                  | 560 gold pieces
 20158 | D:10     | You fall into a shaft and drop 3 floors!
 20170 | D:13     | Identified a scroll of acquirement
 20170 | D:13     | Acquired the amulet "Vafup" {+Blink Regen+ Int+4}
 20474 | D:12     | Reached skill level 11 in Dodging
 20805 | D:11     | Found a staircase to the Lair.
 20950 | D:11     | Found a frozen archway.
 20960 | D:11     | Reached XP level 12. HP: 76/106 MP: 15/15
 20995 | IceCv    | Entered an ice cave
 22058 | IceCv    | Reached skill level 12 in Dodging
 22088 | IceCv    | Identified the +1 pair of gloves of Dithmenos's Regard
                  | {Regen+ Dex+4}
 23289 | D:12     | Reached skill level 10 in Long Blades
 23841 | Lair:1   | Entered Level 1 of the Lair of Beasts
 23896 | Lair:1   | Noticed an eight-headed hydra
 23911 | Lair:1   | Killed a four-headed hydra
 24025 | Lair:1   | Noticed Nergalle
 24035 | Lair:1   | Killed Nergalle
 24440 | Lair:1   | Found a large runed translucent door.
 24440 | Lair:1   | Found a large runed translucent door.
 24444 | Lair:1   | Noticed MacCMillion's ghost (journeyman MfIE)
 24757 | Lair:2   | Found a staircase to the Snake Pit.
 24776 | Lair:2   | Reached skill level 13 in Dodging
 25369 | Lair:2   | Found a staircase to the Swamp.
 25499 | Lair:2   | Reached XP level 13. HP: 94/113 MP: 16/16
 25931 | Lair:3   | Reached skill level 5 in Throwing
 26341 | Lair:3   | Identified the +11 falchion "Orb Guardian's Doom" {vorpal,
                  | rF- rN++ Stlth+}
 27178 | Lair:4   | Found a staircase to the Slime Pits.
 27392 | Lair:5   | Entered Level 5 of the Lair of Beasts
 27463 | Lair:5   | Reached skill level 14 in Dodging
 27774 | Lair:5   | Noticed Nessos
 27818 | Lair:5   | Killed Nessos
 27974 | Lair:5   | Reached XP level 14. HP: 118/121 MP: 17/17
 28120 | Lair:5   | Noticed Sonja
 28166 | Abyss:2  | Cast into level 2 of the Abyss (Sonja)
 28269 | Abyss:2  | Noticed a tentacled starspawn
 28284 | Abyss:2  | Noticed a bone dragon
 28360 | Abyss:2  | Killed a tentacled starspawn
 28501 | Abyss:2  | Noticed a bone dragon
 28658 | Lair:5   | Escaped the Abyss
 28679 | Lair:5   | Killed Sonja
 29392 | Lair:5   | Identified the +2 leather armour of Joy {Str+4}
 29435 | Lair:5   | Identified the +9 falchion "Cunur" {distort, Will++ Str+2
                  | SInv Stlth-}
 29853 | Lair:5   | Found a one-way gate to the infinite horrors of the Abyss.
 29864 | Lair:5   | Reached skill level 15 in Dodging
 29878 | Lair:5   | Found the +5 lochaber axe {reach-cleave, poleaxe}
 30045 | Lair:5   | Found a one-way gate to the infinite horrors of the Abyss.
 30923 | Orc:1    | Entered Level 1 of the Orcish Mines
 32077 | Orc:2    | Entered Level 2 of the Orcish Mines
 32120 | Orc:2    | Found a staircase to the Elven Halls.
 32126 | Orc:2    | Found Koeklese's Book Shoppe.
 32183 | Orc:2    | Found Jeniythri's Antique Weapon Shoppe.
 32309 | Orc:2    | Found Catutsir's Gadget Gallery.
 32534 | Orc:2    | Reached skill level 10 in Throwing
 32780 | Orc:2    | Found Gemuarche's Antique Armour Emporium.
 32836 | Orc:2    | Found Neni's General Store.
 33418 | D:13     | Found a gate to the Vaults.
 33791 | D:14     | Reached XP level 15. HP: 111/128 MP: 18/18
 34234 | D:14     | Identified the +6 war axe of Bejot {holy, rCorr Str+2}
 34278 | D:14     | Noticed Snorg
 34627 | D:14     | Killed Snorg
 34911 | D:14     | Identified the +1 robe "Vinerre" {Harm Dex+2}
 34996 | D:15     | Entered Level 15 of the Dungeon
 35267 | D:15     | Reached skill level 16 in Dodging
 35271 | D:15     | Found a staircase to the Depths.
 35857 | D:15     | Noticed Azrael
 36043 | D:15     | Killed Azrael
 36612 | Snake:1  | Entered Level 1 of the Snake Pit
 36840 | Snake:1  | Reached skill level 1 in Shields
 37612 | Snake:1  | Reached skill level 5 in Shields
 39072 | Snake:2  | Found a runed translucent door.
 39072 | Snake:2  | Noticed Dittersdorf's ghost (adept MiBe)
 40046 | Snake:3  | Found Guthrogiff's Antique Armour Shop.
 40473 | Snake:3  | Reached XP level 16. HP: 135/139 MP: 19/19
 41337 | Snake:4  | Entered Level 4 of the Snake Pit
 41619 | Snake:3  | Reached skill level 10 in Shields
 41639 | Snake:3  | Reached skill level 1 in Evocations
 41806 | Snake:3  | Found Guthrogiff's Antique Armour Shop.
 42445 | Snake:4  | Identified the ring of Happiness {+Blink rElec rF+ rN+
                  | MP+9}
 43545 | Snake:4  | Reached skill level 5 in Evocations
 43566 | Snake:4  | Paralysed by a naga sharpshooter for 5 turns
 43769 | Snake:4  | Got a serpentine rune of Zot
 45252 | Swamp:1  | Entered Level 1 of the Swamp
 45269 | Swamp:1  | Noticed a tentacled monstrosity
 45294 | Lair:2   | Killed a tentacled monstrosity
 45563 | Lair:2   | Reached XP level 17. HP: 140/146 MP: 20/20
 46092 | Swamp:1  | Identified the +11 mace of Reason {antimagic, *Rage rPois
                  | rN+ Int+4}
 46161 | Swamp:1  | Noticed Roxanne
 48625 | Swamp:4  | Entered Level 4 of the Swamp
 49397 | Swamp:4  | Got a decaying rune of Zot
 49791 | Elf:1    | Entered Level 1 of the Elven Halls
 50191 | Elf:1    | Noticed Jorgrun
 50334 | Orc:2    | Bought an Inescapable Atlas for 544 gold pieces
 50337 | Orc:2    | Learned a level 2 spell: Blink
 50343 | Orc:2    | Learned a level 5 spell: Manifold Assault
 50513 | Elf:1    | Reached skill level 1 in Translocations
 50595 | Elf:1    | Killed Jorgrun
 51091 | Elf:1    | Got the Precepts of Helpful Concussion
 51259 | Elf:1    | Found Jyegof's Jewellery Shoppe.
 51259 | Elf:1    | Found Ocit's Book Shop.
 51260 | Elf:1    | Found Cutoifox's Jewellery Shoppe.
 51706 | Elf:2    | Reached skill level 15 in Shields
 51797 | Elf:2    | Reached XP level 18. HP: 157/157 MP: 21/21
 52214 | Elf:2    | Reached skill level 5 in Translocations
 52363 | Elf:2    | Found a runed translucent gate.
 52363 | Elf:2    | Found a runed translucent gate.
 52368 | Elf:2    | Found a runed translucent gate.
 52688 | Elf:3    | Entered Level 3 of the Elven Halls
 52720 | Elf:3    | Found Ureacios's Jewellery Shop.
 53214 | Elf:3    | Identified the amulet of Ismib {Acrobat Drain rF+ Int+4
                  | Dex+4}
 53364 | Elf:3    | Identified the +8 eveningstar of the Sky {venom, rC++
                  | Dex-3}
 53849 | Elf:3    | Identified the +0 great mace of Dishonour {vorpal, rPois
                  | Str+4 Stlth+}
 55052 | Elf:3    | Identified the ring of Onuam {Wiz Str+4 Int+5 Dex-2 Stlth+}
 55151 | Elf:3    | Identified the +3 shortbow of Iteboofo {flame, rN+}
 55530 | Elf:3    | Found Ureacios's Jewellery Shop.
 55618 | Elf:3    | Noticed a Hell Sentinel
 55795 | Elf:3    | Found Ureacios's Jewellery Shop.
 56426 | Elf:3    | Identified the +5 arbalest "Uthreroe" {speed, Str+4}
 56599 | Elf:3    | Got Calanaqu's Precepts of Blistering Frostbite
 56622 | Elf:3    | Found the +2 cloak of the Thief {*Fog Slay-2 SInv Stlth+}
 56624 | Elf:3    | Got the Collected Works on Venomous Elsewhere
 56918 | D:9      | Killed Peloso's ghost
 56995 | D:9      | Identified the +0 hat "Fafouzoa" {Dex+4}
 57188 | Vaults:1 | Entered Level 1 of the Vaults
 58137 | Vaults:1 | Reached skill level 10 in Translocations
 59380 | Vaults:2 | Reached XP level 19. HP: 161/165 MP: 22/22
 59934 | Vaults:2 | Reached skill level 17 in Dodging
 60223 | Vaults:2 | Identified the +2 chain mail "Peoc" {rF+ Int+9 Dex-4}
 60413 | Vaults:2 | Found Ydowub's Weapon Shop.
 60586 | Vaults:2 | Found the +4 Cigotuvi's embrace {rMiasma Drain rN+}
 61053 | Vaults:3 | Noticed a Tzitzimitl
 62006 | Vaults:3 | You fall into a shaft and drop 1 floor!
 62006 | Vaults:4 | Found Sisadie's General Store.
 62110 | Vaults:3 | Found a staircase to the Crypt.
 63564 | Vaults:4 | Noticed Boris
 63735 | Vaults:3 | Reached skill level 1 in Spellcasting
 63740 | Vaults:3 | Reached XP level 20. HP: 148/173 MP: 25/25
 63834 | Vaults:4 | Killed Boris
 64323 | Vaults:4 | Noticed Saint Roka
 64361 | Vaults:4 | Killed Saint Roka
 64362 | Vaults:4 | Reached skill level 15 in Fighting
 64966 | Vaults:4 | Reached skill level 18 in Dodging
 65281 | Vaults:4 | Found a portal to a secret trove of treasure.
 66153 | Depths:1 | Entered Level 1 of the Depths
 66465 | Depths:1 | Noticed the Enchantress
 66499 | Depths:1 | HP: 5/179 [spriggan defender/+2 rapier of venom[the
                  | Enchantress] (18)]
 66941 | D:15     | Killed the Enchantress
 67421 | Depths:1 | Noticed Aizul
 67438 | Depths:1 | Killed Aizul
 67738 | Depths:1 | Found Qistrabb's Book Shoppe.
 68071 | Depths:1 | Reached skill level 5 in Spellcasting
 69008 | Depths:1 | Found a gateway to Hell.
 69073 | Depths:2 | Noticed Bai Suzhen
 69073 | Depths:2 | Found a one-way gate leading to the halls of Pandemonium.
 69093 | Depths:2 | Killed Bai Suzhen
 69100 | Depths:2 | Found a one-way gateway to a ziggurat.
 69106 | Depths:2 | Noticed Sojobo
 69120 | Depths:2 | Paralysed by an air elemental for 1 turns
 69129 | Depths:2 | Paralysed by an air elemental for 1 turns
 69130 | Depths:2 | HP: 1/180 [air elemental[Sojobo] (9)]
 69130 | Depths:2 | Killed from afar by an air elemental

Illustrated notes

Levels and vault maps discovered:
D:1:      dpeg_arrival_round_a, layout_rooms, minmay_worlds_worst_comb
D:2:      layout_basic, basic_altar, st_stairs_8, uniq_robin, uniq_natasha
D:3:      layout_basic, nicolae_elyvilon_peaceful_grove,
          shapermc_ecumenical_altar_mp_urbaneastern, serial_shops,
          nicolae_diamond_shop, kennysheep_generic_room_16, uniq_jessica,
          uniq_ijyb
D:4:      layout_basic, fedhas_altar_fruit_tree, serial_shops,
          nicolae_shop_trees, uniq_duvessa
D:5:      layout_loops_cross, grunt_temple_overflow_gold_and_silver,
          lemuel_tele_altar, lemuel_round_altar, nemelex_spade_bored_becter,
          yredelemnul_forgotten_temple_becter,
          minmay_temple_entry_gardened_gates, nicolae_ossuary_entry_monument,
          amcnicky_mini_pool_small
D:6:      layout_loops_ring, gammafunk_ghost_arena, portal_sewer_entry_d
D:7:      layout_basic, enter_bailey_4, uniq_pikel, uniq_menkaure
D:8:      minmay_the_grid_octo_tiled_octocenter
          [minmay_the_grid_octo_fat_diamond,
          minmay_the_grid_octo_vomiting_pacman, minmay_the_grid_octo_fan_narrow,
          minmay_the_grid_octo_pinwheel, minmay_the_grid_octo_prize_star,
          minmay_the_grid_square_5x5_longway,
          minmay_the_grid_square_5x5_half_checkered,
          minmay_the_grid_square_5x5_two_walls_a,
          minmay_the_grid_square_5x5_n_small], layout_cave_pools,
          chequers_temple_overflow_minitemple, mainiacjoe_overflow_brackets
D:9:      layout_long_grid, biasface_ghost_orc_armoury, nicolae_elemental_shop
D:10:     layout_big_octagon, mainiacjoe_overflow_swirl,
          nicolae_wu_jian_wuxing_cycle, orc_david_3
D:11:     layout_basic, dpeg_oklobed_lair, portal_ice_cave_rime, special_room
          [special_room_bee], grunt_decor_clamped
D:12:     layout_small_grid
D:13:     layout_roguey, ximxim_vaults_locker_room
D:14:     layout_small_grid, uniq_snorg
D:15:     hangedman_depths_entry_civil_slaughter, layout_stronghold,
          chequers_avenue, chequers_garden, uniq_azrael
Lair:1:   beast_lair_carwin_large_1, layout_big_grid,
          ebering_ghost_disaster_area, uniq_nergalle
Lair:2:   layout_cave_pods, swamp_mist, minmay_snake_entry_spellcaster,
          lemuel_fruit_tree, grunt_megastairs_4
Lair:3:   layout_misc_corridors, serial_bayou_shore_b
Lair:4:   layout_misc_corridors, slime_entry_1, chequers_serial_rivers_small_b
Lair:5:   hellmonk_lair_end_abyssal_woods, layout_loops_ring,
          serial_bayou_shore_b, uniq_sonja, uniq_nessos
Swamp:1:  layout_basic_swamp, hangedman_swamp_diagram,
          infiniplex_staircase_pool_2, uniq_roxanne
Swamp:2:  layout_falls_marsh, evilmike_swamp_ruin_house_3,
          nicolae_swamp_super_fun_site
Swamp:3:  layout_basic_swamp, serial_swamp_ruin, evilmike_swamp_ruin_house_6,
          evilmike_swamp_ruin_house_2, evilmike_swamp_ruin_house_5, swamp_pool5,
          worms_lemuel
Swamp:4:  swamp_alternative, layout_basic_swamp
Snake:1:  layout_onion_interference, drop_trap, serial_bayou_pond_b
Snake:2:  layout_layer_cave, hellmonk_ghost_happy_afterlife
Snake:3:  layout_onion, serial_shops, nicolae_stop_n_shop_1, nicolae_snake_omega
Snake:4:  grunt_snake_rune_spirals, layout_onion
Orc:1:    layout_diamond_mine, basic_altar, nooodl_orcs_dogs
Orc:2:    grunt_orc_gardens, layout_caves, grunt_orc_garden, grunt_orc_garden,
          grunt_orc_garden, grunt_orc_garden, nicolae_shop_gadgets
Elf:1:    layout_rooms, minmay_elf_sorcery, minmay_shop_grove, uniq_jorgrun
Elf:2:    nicolae_elf_blades_splatter_lattice [grunt_blade_entry_basic],
          layout_rooms, dreamdust_princess_bridge
Elf:3:    minmay_elf_hall_not_hex, layout_geoelf_octagon, serial_shops,
          nicolae_shop_behind_doors
Vaults:1: hangedman_vaults_corner_blocks, vaults_room_grunt_arrival_ludios,
          vaults_room_pools, v_misc_33, vaults_standard_mumra_x,
          ontoclasm_vaults_pinch, v_misc_29, nicolae_vaults_diagonal_hallway_6,
          vaults_room_pools, vaults_dpeg_ring, layout_vaults_quadrants
Vaults:2: vaults_dpeg_cross, nicolae_vaults_three_branches, vaults_room_octagon,
          v_misc_30, hangedman_vaults_stream, v_pattern_3, grunt_vaults_focal,
          vaults_room_hallway, v_misc_28, hangedman_vaults_snaps,
          vaults_room_pools, layout_vaults_big_cross, serial_shops,
          nicolae_shop_behind_doors
Vaults:3: ontoclasm_vaults_chip, nicolae_vaults_disjoint_gnomons,
          nicolae_vaults_network_barrier, ontoclasm_vaults_tryst,
          minmay_crypt_entry_simple_sparse, vaults_mumra_bighexcomb,
          v_alt_pattern_6, vaults_room_fancy_cross, v_misc_16, v_alt_pattern_1,
          hangedman_vaults_pinch, vaults_room_pools, hangedman_vaults_trim,
          nicolae_vaults_rhombus_7, v_misc_17, layout_vaults_maze
Vaults:4: ontoclasm_vaults_misaligned, vaults_room_semicircle, v_misc_17,
          nicolae_vaults_diagonal_hallway_8, nicolae_vaults_little_squares_1,
          vaults_room_corners, nicolae_vaults_rhombus_6, vaults_mumra_hexcomb,
          vaults_mumra_lcd, vaults_dpeg_diagonal,
          nicolae_vaults_border_crossing, layout_vaults_chaotic_city,
          serial_shops, shop, nicolae_trove_entry_isolated, uniq_boris,
          uniq_saint_roka
Depths:1: layout_gridville, grunt_hell_entry_dis_old, kennysheep_path_1,
          small_chamber_with_monster, nicolae_take_the_stairs, st_stairs_2,
          nicolae_vehumet_radiance, uniq_enchantress, uniq_aizul
Depths:2: minmay_swirls_squares, layout_cave_pools, enter_ziggurat_a,
          grunt_metal_band, pan_entry, special_room [special_room_jelly],
          nrook_pool_corridor, infiniplex_staircase_pillars_1, uniq_sojobo,
          uniq_bai_suzhen

Skill      XL: |  1  2  3  4  5  6  7  8  9 10 11 12 13 14 15 16 17 18 19 20 |
---------------+-------------------------------------------------------------+-----
Long Blades    | 3 4 5 8 10 12 13 | 13.3
Dodging        | 3 4 5 7 9 11 13 14 15 16 17 18 | 18.6
Fighting       | 2 4 5 7 9 10 12 13 14 15 | 15.9
Short Blades   | 1 4 6 7 |  7.0
Stealth        | 4 |  4.4
Throwing       | 4 7 10 | 10.0
Shields        | 8 13 15 16 17 | 17.0
Evocations     | 5 7 |  7.2
Translocations | 3 10 12 | 12.0
Spellcasting   | 1 5 |  5.6

Action                   |  1- 3 |  4- 6 |  7- 9 | 10-12 | 13-15 | 16-18 | 19-21 || total
-------------------------+-------+-------+-------+-------+-------+-------+-------++-------
Melee: Long sword        |   134 |   105 |       |   295 |   101 |       |       ||   635
       Punch             |     1 |     4 |     6 |    14 |    17 |       |       ||    42
       Dagger            |       |    34 |   497 |   460 |       |       |       ||   991
       Falchion          |       |       |       |    18 |   911 |       |       ||   929
       Scimitar          |       |       |       |       |   220 |  1496 |  1049 ||  2765
Throw: Javelin           |       |     2 |     2 |     4 |     7 |     4 |       ||    19
       Dart              |       |       |     5 |     4 |    39 |     3 |     7 ||    58
       Throwing net      |       |       |       |       |     3 |       |       ||     3
 Cast: Blink             |       |       |       |       |       |       |     1 ||     1
Evoke: Wand              |       |       |     1 |     7 |     1 |     1 |       ||    10
  Use: Scroll            |     1 |     3 |    13 |    10 |     6 |     5 |     4 ||    42
       Potion            |       |       |     2 |     1 |     4 |     6 |     8 ||    21
 Stab: Sleeping          |       |     1 |    15 |    36 |    37 |    20 |    33 ||   142
       Paralysed         |       |       |     3 |     2 |       |       |       ||     5
       Distracted        |       |       |     2 |    10 |    18 |    20 |    14 ||    64
       Held in net/web   |       |       |       |       |     1 |       |       ||     1
       Confused          |       |       |       |       |       |     1 |       ||     1
Armor: Leather armour    |    40 |    12 |       |       |       |       |       ||    52
       Skin              |       |     8 |       |       |       |       |       ||     8
       Ring mail         |       |    10 |    73 |       |       |       |       ||    83
       Steam dragon scal |       |       |    12 |   119 |   104 |    97 |    15 ||   347
       Robe              |       |       |       |       |       |    20 |    32 ||    52
Dodge: Dodged            |    78 |    65 |   239 |   764 |  1391 |  1337 |   773 ||  4647
Block: Buckler           |       |       |       |       |    45 |   190 |       ||   235
       Kite shield       |       |       |       |       |       |   965 |   950 ||  1915
